 Dungeon Crawl Stone Soup version 0.30.1-9-gdf580d7c3d (webtiles) character file.

Game seed: 13132901066217113298

235 monsoonserge the Chopper (level 6, -2/53 HPs)
             Began as a Hill Orc Fighter on Oct 6, 2023.
             Slain by an orc
             ... wielding a +0 club
              (3 damage)
             ... on level 4 of the Dungeon.
             The game lasted 00:09:25 (2600 turns).

monsoonserge the Chopper (Hill Orc Fighter)         Turns: 2600, Time: 00:09:27

Health: -2/53      AC: 14    Str: 21    XL:     6   Next: 5%
Magic:  6/6        EV: 11    Int:  8    God:
Gold:   88         SH:  4    Dex: 10    Spells: 5/5 levels left

rFire   . . .        a - +0 war axe
rCold   . . .        c - +0 buckler
rNeg    . . .        q - +0 plate armour
rPois   .            t - +0 helmet
rElec   .            (no cloak)
rCorr   .            (no gloves)
SInv    .            m - +0 pair of boots
Will    .....        (no amulet) Stlth
                     k - +5 ring of evasion
HPRegen 0.28/turn    (no ring)
MPRegen 0.10/turn

%: no passive effects
@: no status effects
A: no striking features
a: Convert to Beogh


You were on level 4 of the Dungeon.
You visited 1 branch of the dungeon, and saw 4 of its levels.

You collected 88 gold pieces.

Inventory:

Hand Weapons
 a - a +0 war axe (weapon)
Missiles
 e - 11 poisoned darts (quivered)
 v - 6 atropa-tipped darts
 y - 6 boomerangs
 B - a throwing net
Armour
 c - a +0 buckler (worn)
 m - a +0 pair of boots (worn)
 q - a +0 plate armour (worn)
 t - a +0 helmet (worn)
 D - a +0 leather armour
 E - a +0 scale mail
Magical Staves
 w - the staff of earth "Vikij" {Int+4}
   (You found it on level 3 of the Dungeon)

   [staff of earth]

   Base accuracy: +5 Base damage: 5 Base attack delay: 1.2 This weapon's minimum
   attack delay (0.6) is reached at skill level 12.
   Int:       It affects your intelligence (+4).
   It falls into the 'Staves' category.
   It is a one-handed weapon.
 C - a staff of death
Jewellery
 k - a +5 ring of evasion (left hand)
Wands
 s - a wand of paralysis (3)
Scrolls
 h - a scroll of blinking
 i - a scroll of magic mapping
 j - 3 scrolls of teleportation {unknown}
 o - a scroll of amnesia {unknown}
 u - a scroll of noise {unknown}
 x - a scroll of silence {unknown}
 z - a scroll of enchant armour
 A - a scroll of enchant weapon
Potions
 b - 2 potions of mutation {unknown}
 d - 2 potions of might
 f - a potion of heal wounds {unknown}
 g - a potion of haste
 l - 2 potions of curing {unknown}
 n - a potion of attraction {unknown}
 p - a potion of ambrosia


   Skills:
 + Level 4.4 Fighting
 - Level 6.0 Axes
 + Level 4.4 Armour
 + Level 0.2 Dodging
 - Level 4.0 Shields


You had 5 spell levels left.
You didn't know any spells.
Your spell library contained the following spells:

 Spells                   Type           Power      Damage    Failure   Level
 Cigotuvi's Dreadful Rot  Necr/Pois/Air  0%         N/A       100%        2
 Animate Dead             Necr           0%         N/A       100%        4
 Dispel Undead            Necr           0%         3d6       100%        4
 Death Channel            Necr           0%         N/A       100%        6
 Haunt                    Necr/Summ      0%         N/A       100%        7
 Infestation              Necr           0%         N/A       100%        8


Dungeon Overview and Level Annotations

Branches:
Dungeon (4/15)
 Temple: D:4-7

Altars:

Shops:
D:4 *


Message History

You barely miss the orc. The orc priest closely misses you.
You barely miss the orc priest.
The orc priest is moderately wounded.
You closely miss something.
The orc priest hits you but does no damage.
The orc priest hits you with a +0 flail!
You barely miss the orc priest.
The orc priest is moderately wounded.
You closely miss something. You hit the orc.
Something hits you but does no damage.
Deactivating autopickup; reactivate with Ctrl-A.
The orc priest calls upon Beogh to heal the orc.
The orc's wounds heal themselves!
The orc closely misses you.
You closely miss the orc priest.
The orc priest is moderately wounded.
You hit something but do no damage. You closely miss the orc.
Something hits you but does no damage. The orc priest completely misses you.
The orc closely misses you.
You hit the orc priest.
The orc priest is heavily wounded.
You closely miss the orc. You miss something.
Something hits you but does no damage.
The orc priest hits you with a +0 flail.
The orc closely misses you.
You hit the orc priest but do no damage.
The orc priest is heavily wounded.
You barely miss the orc. You barely miss something. Something hits you.
* * * LOW HITPOINT WARNING * * *
The orc curses repeatedly, as Orcs often do.
The orc hits you but does no damage. The orc priest barely misses you.
The orc priest hits you but does no damage.
The orc misses you. Something hits you but does no damage.
The orc priest shouts, "Surrender to Beogh and we'll let you live!"
The phantom closely misses you. Something hits you.
* * * LOW HITPOINT WARNING * * *
The orc priest mumbles some strange prayers to Beogh against you.
Beogh smites you!
* * * LOW HITPOINT WARNING * * *
The orc hits you with a +0 club.
You die...

#. ##.. . #...# ..#
#..... ..
##..#####.... ...
......#.... #..
......)oo# #.......
#W@{# ##.# ... ##..#
##..###.########...#
....##..........#..#
'#..[...............
'##..............#..#
'###............. ...
∩'''..)..........
...#
'###..#..........


You could see a phantom, an orc priest and an orc.

Vanquished Creatures
  A hound (D:4)
  An iguana (D:4)
  Jessica (D:2)
  2 orc wizards (D:3)
  An adder (D:2)
  A worm (D:3)
  3 dart slugs (D:3)
  6 orcs
  4 bats
  11 endoplasms
  4 giant cockroaches
  5 goblins
  6 hobgoblins
  3 jackals
  3 quokkas
  6 ball pythons
  5 frilled lizards
  7 kobolds
  6 rats
76 creatures vanquished.

Notes
Turn   | Place    | Note
-------+----------+-------------------------------------------
     0 | D:1      | monsoonserge the Hill Orc Fighter began the quest for the
                  | Orb.
     0 | D:1      | Reached XP level 1. HP: 19/19 MP: 1/1
   150 | D:1      | Reached XP level 2. HP: 24/27 MP: 2/2
   357 | D:1      | Reached XP level 3. HP: 32/33 MP: 3/3
   385 | D:1      | Reached skill level 3 in Axes
  1081 | D:2      | Noticed Jessica
  1084 | D:2      | Killed Jessica
  1085 | D:2      | Reached skill level 4 in Axes
  1085 | D:2      | Reached XP level 4. HP: 40/40 MP: 4/4
  1288 | D:3      | Reached skill level 5 in Axes
  1288 | D:3      | Reached XP level 5. HP: 5/47 MP: 5/5
  1479 | D:3      | Identified the staff of earth "Vikij" {Int+4}
  2065 | D:4      | Found Pyer's Assorted Antiques.
  2167 | D:4      | Noticed a phantom
  2594 | D:4      | Reached skill level 6 in Axes
  2594 | D:4      | Reached XP level 6. HP: 26/53 MP: 6/6
  2600 | D:4      | HP: 1/53 [orc priest/divine providence (13)]
  2600 | D:4      | Slain by an orc

Illustrated notes

Levels and vault maps discovered:
D:1:      saegor_arrival_simple_d, layout_rooms, dk_noncrumbling_3
D:2:      layout_loops_ring, uniq_jessica
D:3:      layout_rooms, mrwooster_statue_mirror
D:4:      layout_cave_pods, minmay_temple_entry_mini_moons, serial_shops,
          nicolae_shop_real_fake_doors, kennysheep_nondescript

Skill      XL: |  1  2  3  4  5 |
---------------+----------------+-----
Fighting       | 4 |  4.4
Axes           | 4 5 6 |  6.0
Shields        | 4 |  4.0
Armour         | 4 |  4.4
Dodging        | |  0.2

Action                     |  1- 3 |  4- 6 || total
---------------------------+-------+-------++-------
  Melee: War axe           |   114 |   105 ||   219
    Use: Scroll            |       |     4 ||     4
         Potion            |       |     2 ||     2
 Armour: Scale mail        |    47 |       ||    47
         Plate armour      |     9 |    67 ||    76
  Dodge: Dodged            |    70 |    63 ||   133
  Block: Buckler           |    36 |    26 ||    62
